 Dungeon Crawl Stone Soup version 0.28-a0-631-g0446da8ef9 (webtiles) character file.

Game seed: 9846839732607539590

962 KristoblXynda the Slasher (level 7, -1/61 HPs)
             Began as a Black Draconian Gladiator on Oct 10, 2021.
             Slain by a troll (2 damage)
             ... on level 5 of the Dungeon.
             The game lasted 00:04:56 (4774 turns).

KristoblXynda the Slasher (DrGl)                    Turns: 4774, Time: 00:04:56

Health: -1/61      AC:  7    Str: 18    XL:     7   Next: 92%
Magic:  7/7        EV: 13    Int:  9    God:
Gold:   180        SH:  0    Dex: 12    Spells: 6/6 levels left

rFire   . . .      SeeInvis .   a - +0 long sword
rCold   . . .      Faith    .   (no shield)
rNeg    . . .      Spirit   .   (armour unavailable)
rPois   .          Reflect  .   b - +0 hat
rElec   +          Harm     .   (no cloak)
rCorr   .          Rampage  .   h - +0 pair of gloves
Will    .....                   (no boots)
Stlth   +.........              (no amulet)
HPRegen 0.20/turn               (no ring)
MPRegen 0.10/turn               (no ring)

@: short of breath
A: breathe lightning, AC +6, unfitting armour, electricity resistance,
cold-blooded
a: Breathe Lightning


You were on level 5 of the Dungeon.
You visited 1 branch of the dungeon, and saw 5 of its levels.

You collected 180 gold pieces.

Inventory:

Hand Weapons
 a - a +0 long sword (weapon)
Missiles
 c - 3 throwing nets (quivered)
Armour
 b - a +0 hat (worn)
 h - a +0 pair of gloves (worn)
Jewellery
 g - a ring of poison resistance
 q - a +4 ring of protection
Wands
 s - a wand of acid (8)
Scrolls
 d - 2 scrolls of teleportation {unknown}
 e - a scroll of holy word {unknown}
 j - a scroll of immolation {unknown}
 k - a scroll of noise {unknown}
 m - 2 scrolls of vulnerability {unknown}
 n - a scroll of amnesia {unknown}
 o - a scroll of identify {unknown}
 p - 3 scrolls of enchant armour {unknown}
 r - a scroll of acquirement {unknown}
Potions
 f - 2 potions of curing
 i - a potion of heal wounds {unknown}
 l - a potion of lignification {unknown}
 t - a potion of degeneration {unknown}


   Skills:
 - Level 5.2 Fighting
 * Level 7.0 Long Blades
 - Level 2.0 Throwing
 + Level 4.9 Dodging
 + Level 0.3 Evocations


You had 6 spell levels left.
You didn't know any spells.
Your spell library contained the following spells:

 Spells                   Type           Power      Damage    Failure   Level
 Ensorcelled Hibernation  Hex/Ice        0%         N/A       52%         2
 Spider Form              Tmut/Pois      0%         N/A       77%         3


Dungeon Overview and Level Annotations

Branches:
Dungeon (5/15)
 Temple: D:4-7

Altars:


Innate Abilities, Weirdness & Mutations

You can breathe wild blasts of lightning.
Your glossy black scales are hard. (AC +6)
You cannot fit into any form of body armour.
You are resistant to electric shocks. (rElec)
You are cold-blooded and may be slowed by cold attacks.


Message History

The troll is heavily wounded.
The troll bites you. The troll claws you. x2
You closely miss the troll.
The troll is heavily wounded.
The troll barely misses you. The troll misses you. x2
You hit the troll but do no damage. You tail-slap the troll.
The troll is heavily wounded.
The troll barely misses you. The troll misses you. The troll barely misses you.
The troll bites you but does no damage. The troll claws you but does no damage.
The troll barely misses you.
You hit the troll.
The troll is heavily wounded.
The troll barely misses you. x2; The troll claws you!
You slash the troll!
The troll is severely wounded.
The troll misses you. The troll closely misses you.
The troll barely misses you.
You hit the troll.
The troll is severely wounded.
The troll barely misses you. The troll misses you.
The troll closely misses you.
You barely miss the troll.
The troll is severely wounded.
The troll bites you! The troll misses you. The troll closely misses you.
You barely miss the troll.
The troll is severely wounded.
The troll bites you!
* * * LOW HITPOINT WARNING * * *
The troll claws you.
* * * LOW HITPOINT WARNING * * *
The troll claws you.
* * * LOW HITPOINT WARNING * * *
You breathe a wild blast of lightning!
You hear a mighty clap of thunder!
The bolt of lightning misses you.
You hear a mighty clap of thunder!
The bolt of lightning hits you. You resist.
* * * LOW HITPOINT WARNING * * *
The troll bites you.
You die...

.............#
#.[........#.########
....................#
..###.##.....###.##.# ##
...........#.##...#.#...
........................
...##.#....#.##.....#.
...##.#....#.###..###
................@.#
#...#.#....#.###T.#
#............# #..#
.............# #..#
#...###.#.#### ...#
#...# #.#.# ..## #...#
#.#.# #.. #...# #.#.#
..# ....


You could see a troll (corroded).

Vanquished Creatures
  A centaur zombie (D:5)
  Sigmund (D:2)
  A necrophage (D:4)
  A water moccasin skeleton (D:4)
  A jelly (D:5)
  A bullfrog skeleton (D:5)
  3 hounds
  An iguana (D:4)
  A hound skeleton (D:4)
  Robin (D:2)
  3 gnolls (D:4)
  4 adders
  An adder skeleton (D:4)
  2 worms (D:2)
  An orc (D:4)
  7 ball pythons
  3 endoplasms
  2 giant cockroaches
  15 goblins
  3 hobgoblins (D:2)
  19 jackals
  5 quokkas
  3 bats
  6 frilled lizards
  6 kobolds
  7 rats
99 creatures vanquished.

Notes
Turn   | Place    | Note
-------+----------+-------------------------------------------
     0 | D:1      | KristoblXynda the Draconian Gladiator began the quest for
                  | the Orb.
     0 | D:1      | Reached XP level 1. HP: 17/17 MP: 1/1
   172 | D:1      | Found a faded altar of an unknown god.
   235 | D:1      | Reached XP level 2. HP: 14/25 MP: 2/2
   914 | D:2      | Reached XP level 3. HP: 30/30 MP: 3/3
  1267 | D:2      | Noticed Sigmund
  1277 | D:2      | Killed Sigmund
  1278 | D:2      | Reached skill level 4 in Long Blades
  1278 | D:2      | Reached XP level 4. HP: 23/39 MP: 4/4
  1278 | D:2      | Reached XP level 5. HP: 27/45 MP: 5/5
  1629 | D:2      | Noticed Robin
  1661 | D:2      | Killed Robin
  2167 | D:3      | Reached skill level 5 in Long Blades
  2176 | D:3      | Found Utarch's General Store.
  3092 | D:4      | Reached XP level 6. HP: 38/52 MP: 6/6
  4036 | D:4      | Reached skill level 6 in Long Blades
  4036 | D:4      | Your scales start taking on a glossy black colour.
  4036 | D:4      | Reached XP level 7. HP: 57/60 MP: 7/7
  4036 | D:4      | Gained mutation: You are resistant to electric shocks.
                  | (rElec) [Black Draconian growth]
  4340 | D:5      | Entered Level 5 of the Dungeon
  4491 | D:5      | Reached skill level 5 in Fighting
  4491 | D:5      | Reached skill level 7 in Long Blades
  4763 | D:5      | Noticed a troll
  4774 | D:5      | HP: 1/61 [bounced beam (6)]
  4774 | D:5      | Slain by a troll

Illustrated notes

Levels and vault maps discovered:
D:1:      lemuel_arrival_cross, layout_basic,
          hellmonk_ecumenical_altar_inner_sanctum
D:2:      layout_loops_ring, chequers_serial_rivers_micro_b, uniq_robin,
          uniq_sigmund
D:3:      layout_loops_corners, serial_shops, nicolae_shop_statue_plus
D:4:      layout_basic
D:5:      layout_loops_ring, hangedman_decor_clover_reticule,
          kennysheep_crisscross, lemuel_old_faithful

Skill      XL: |  1  2  3  4  5  6  7 |
---------------+----------------------+-----
Throwing       | 2 |  2.0
Dodging        | 3 4 |  4.9
Fighting       | 3 4 5 |  5.2
Long Blades    | 4 5 6 7 |  7.0
Evocations     | |  0.3

Action                   |  1- 3 |  4- 6 |  7- 9 || total
-------------------------+-------+-------+-------++-------
Melee: Long sword        |    93 |   182 |    63 ||   338
       Tailslap          |    11 |    20 |    13 ||    44
 Abil: Breathe Lightning |       |       |     2 ||     2
Evoke: Wand              |       |       |     1 ||     1
  Use: Potion            |       |     1 |       ||     1
 Stab: Sleeping          |     1 |     2 |       ||     3
Armor: Skin              |    42 |    60 |    32 ||   134
Dodge: Dodged            |    76 |   148 |    74 ||   298

Table legend: (Time is in decaauts)
 A = Elapsed time spent in this place.
 B = Non-inter-level travel time spent in this place.
 C = Inter-level travel time spent in this place.
 D = Time resting spent in this place.
 E = Time spent auto-exploring this place.
 F = Levels seen in this place.
 G = Mean time per level.
                   A        B        C        D        E       F      G
               +--------+--------+--------+--------+--------+-----+--------+
         Total |   4831 |   4722 |    109 |    978 |   2951 |   5 |  966.2 |
       Dungeon |   4831 |   4722 |    109 |    978 |   2951 |   5 |  966.2 |
               +--------+--------+--------+--------+--------+-----+--------+

Top non-repeatable levels by time:
     D:2: 1239 daAuts
     D:3: 1228 daAuts
     D:4: 1032 daAuts
     D:1: 893 daAuts
     D:5: 437 daAuts
